 Dungeon Crawl Stone Soup version 0.23.2-1-ga50397a (webtiles) character file.

Game seed: 15326752836218314539

91 MalarOregon the Ruffian (level 4, -2/38 HPs)
             Began as a Ghoul Gladiator on May 30, 2019.
             Killed by divine providence
             ... invoked by an orc priest
              (11 damage)
             ... on level 3 of the Dungeon.
             The game lasted 00:03:36 (2022 turns).

MalarOregon the Ruffian (Ghoul Gladiator)           Turns: 2022, Time: 00:03:37

Health: -2/38      AC:  7    Str: 18    XL:     4   Next: 57%
Magic:  3/3        EV: 10    Int:  3    God:
Gold:   162        SH:  0    Dex: 10    Spells: 3/3 levels left

rFire    + . .     SeeInvis .     - Unarmed
rCold    + . .     Gourm    .   (no shield)
rNeg     + + +     Faith    .   m - +0 scale mail
rPois    ∞         Spirit   .   b - +0 helmet
rElec    .         Reflect  .   (no cloak)
rCorr    .         Harm     .   (no gloves)
MR       .....                  (no boots)
Stlth    +.........             (no amulet)
HPRegen  0.00/turn              i - ring of protection from fire
MPRegen  0.08/turn              s - ring of stealth

@: rotting
A: rotting body, claws 1, carnivore, cold resistance 1, negative energy
resistance 3, inhibited regeneration, torment resistance, unbreathing
a: no special abilities


You were on level 3 of the Dungeon.
You were not hungry.

You visited 1 branch of the dungeon, and saw 3 of its levels.

You collected 162 gold pieces.

Inventory:

Missiles
 c - 3 throwing nets {!f}
 f - 24 stones
 j - 11 poisoned needles
 n - 5 tomahawks (quivered)
Armour
 b - a +0 helmet (worn)
 m - a +0 scale mail (worn)
   (You found it on level 2 of the Dungeon)
Jewellery
 i - a ring of protection from fire (left claw)
   (You found it on level 2 of the Dungeon)
 s - a ring of stealth (right claw)
   (You found it on level 2 of the Dungeon)
Scrolls
 a - a scroll of noise {unknown}
 d - 2 scrolls of fog {unknown}
 g - 4 scrolls of identify {unknown}
 h - 4 scrolls of teleportation {unknown}
 k - a scroll of remove curse {unknown}
 o - a scroll of blinking {unknown}
 r - 3 scrolls of amnesia {unknown}
Potions
 l - a potion of resistance {unknown}
 p - a potion of curing {unknown}
Comestibles
 e - 5 rations {!d}
 q - 4 chunks of flesh


   Skills:
 + Level 3.4 Fighting
 + Level 2.8 Throwing
 - Level 2.6 Dodging
 + Level 4.2 Unarmed Combat


You had 3 spell levels left.
You didn't know any spells.
Your spell library was empty.

Dungeon Overview and Level Annotations

Branches:
Dungeon (3/15)

Altars:


Innate Abilities, Weirdness & Mutations

Your body is rotting away.
You thrive on raw meat.
You are immune to poison.
You have sharp fingernails.
You are carnivorous and can eat meat at any time.
Your flesh is cold resistant. (rC+)
You are immune to negative energy. (rN+++)
You do not regenerate when monsters are visible.
You are immune to unholy pain and torment.
You can survive without breathing.


Message History

You claw the orc!
You kill the orc!
You butcher the orc corpse.
q - 3 chunks of flesh
Items here: ) [[ ÷ a +0 dagger; a +0 leather armour x2; an orc skeleton
Items here: ) [[ ÷ a +0 dagger; a +0 leather armour x2; an orc skeleton
n - 7 tomahawks (gained 2)
Things that are here:
a +0 mace; a cursed +0 club; an orc corpse You butcher the orc corpse.
q - 4 chunks of flesh (gained 1)
Things that are here:
a +0 mace; a cursed +0 club; an orc skeleton
Things that are here:
a +0 mace; a cursed +0 club; an orc skeleton
n - 9 tomahawks (gained 2)
n - 10 tomahawks (gained 1)
An orc priest comes into view. It is wielding a +0 short sword.
The orc priest shouts!
An orc priest is nearby!
An orc priest is nearby!
An orc priest is nearby!
Throwing (i - inventory. (/) - cycle)
n - 10 tomahawks (quivered)
Aim: an orc priest, wielding a +0 short sword and wearing a cursed +0 leather armour You throw a tomahawk.
The tomahawk hits the orc priest.
Throwing (i - inventory. (/) - cycle)
n - 9 tomahawks (quivered)
Aim: an orc priest, wielding a +0 short sword and wearing a cursed +0 leather armour (moderately wounded)
You throw a tomahawk.
The tomahawk barely misses the orc priest.
The orc priest calls down the wrath of Beogh upon you.
Beogh smites you!
Throwing (i - inventory. (/) - cycle)
n - 8 tomahawks (quivered)
Aim: an orc priest, wielding a +0 short sword and wearing a cursed +0 leather armour (moderately wounded)
You throw a tomahawk.
The tomahawk hits the orc priest but does no damage.
Throwing (i - inventory. (/) - cycle)
n - 7 tomahawks (quivered)
Aim: an orc priest, wielding a +0 short sword and wearing a cursed +0 leather armour (moderately wounded)
You throw a tomahawk. The tomahawk hits the orc priest.
The orc priest invokes the aid of Beogh against you.
Beogh smites you!
* * * LOW HITPOINT WARNING * * *
Throwing (i - inventory. (/) - cycle)
n - 6 tomahawks (quivered)
Aim: an orc priest, wielding a +0 short sword and wearing a cursed +0 leather armour (heavily wounded)
You throw a tomahawk.
The tomahawk hits the orc priest but does no damage.
The orc priest calls down the wrath of Beogh upon you.
Beogh smites you!
You die...

#..###.##..# #..# #..#
#.##..###..##### #..#
#.##............
###..###.##..###.....#.
#>.....................
#.#..###.......#..#.#..
#.#..# #####.#.........
#.#.#..#####...#......#.#
#.......@..o((...........
#####..#####..(.......##.
#..# #.###......... #..#
# #.......... #..#
#..###.####
#..#####.##......#
#......#.##..###.#
#######.####.#.##..#
.........# #.#.##..#


You could see an orc priest.

Vanquished Creatures
  3 adders
  A worm (D:2)
  2 dart slugs (D:2)
  4 orcs (D:3)
  4 giant cockroaches
  3 goblins
  10 hobgoblins
  3 jackals (D:1)
  6 kobolds
  2 quokkas (D:2)
  2 ball pythons (D:1)
  4 bats
  2 frilled lizards (D:1)
  3 rats
49 creatures vanquished.

Notes
Turn   | Place    | Note
-------+----------+-------------------------------------------
     0 | D:1      | MalarOregon the Ghoul Gladiator began the quest for the
                  | Orb.
     0 | D:1      | Reached XP level 1. HP: 17/17 MP: 0/0
    23 | D:1      | Reached XP level 2. HP: 14/25 MP: 1/1
   281 | D:1      | Reached XP level 3. HP: 23/30 MP: 2/2
   957 | D:2      | Reached skill level 4 in Unarmed Combat
  1177 | D:2      | Reached XP level 4. HP: 38/38 MP: 3/3
  2022 | D:3      | Killed from afar by an orc priest

Skill      XL: |  1  2  3 |
---------------+----------+-----
Throwing       | 2 |  2.8
Fighting       | 3 |  3.4
Unarmed Combat | 4 |  4.2
Dodging        | |  2.6

Action                   |  1- 3 |  4- 6 || total
-------------------------+-------+-------++-------
Melee: Unarmed           |   101 |    36 ||   137
Throw: Stone             |    19 |       ||    19
       Tomahawk          |    31 |    22 ||    53
  Eat: Chunk             |     9 |     1 ||    10
Armor: Leather armour    |    18 |       ||    18
       Scale mail        |     2 |    13 ||    15
Dodge: Dodged            |    60 |    13 ||    73
